 Dungeon Crawl Stone Soup version 0.31-a0-232-gb1c03b2570 (webtiles) character file.

Game seed: 1587181204646944787

70 qw the Shooter (level 4, 0/26 HPs)
             Began as a Gargoyle Hexslinger on July 7, 2023.
             Slain by an endoplasm (1 damage)
             ... on level 2 of the Dungeon.
             The game lasted 00:00:25 (750 turns).

qw the Shooter (Gargoyle Hexslinger)                 Turns: 750, Time: 00:00:25

Health: 0/26       AC:  6    Str: 11    XL:     4   Next: 22%
Magic:  5/5        EV: 12    Int: 14    God:
Gold:   65         SH:  0    Dex: 14    Spells: 4/5 levels left

rFire   . . .        Y - +2 sling
rCold   . . .        (no shield)
rNeg    + . .        c - +0 robe
rPois   inf          g - +0 helmet
rElec   +            (no cloak)
rCorr   .            (no gloves)
SInv    +            (no boots)
Will    .....        (no amulet)
Stlth   +            d - ring of see invisible
HPRegen 0.24/turn    (no ring)
MPRegen 0.09/turn

%: no passive effects
@: no status effects
A: sickness immunity, AC +3, negative energy resistance 1, electricity
resistance, torment resistance 1, petrification resistance
a: no special abilities


You were on level 2 of the Dungeon.
You visited 1 branch of the dungeon, and saw 2 of its levels.

You collected 65 gold pieces.


Innate Abilities, Weirdness & Mutations

You are immune to sickness and miasma.
Your stone body is resilient. (AC +3)
You are immune to poison.
You resist negative energy. (rN+)
You are resistant to electric shocks. (rElec)
You are resistant to unholy torment.
You are immune to petrification.


   Skills:
 - Level 2.0 Fighting
 + Level 4.0 Ranged Weapons
 - Level 1.5 Dodging
 - Level 1.0 Spellcasting
 - Level 2.6 Hexes


You had 4 spell levels left.
You knew the following spells:

 Your Spells              Type           Power      Damage    Failure   Level
a - Slow                  Hex            32%        N/A       9%          1

Your spell library contained the following spells:

 Spells                   Type           Power      Damage    Failure   Level
 Inner Flame              Hex/Fire       4%         N/A       41%         3
 Portal Projectile        Hex/Tloc       8%         N/A       41%         3
 Cause Fear               Hex            4%         N/A       65%         4

Inventory:

Hand Weapons
 Y - a +2 sling (weapon)
Armour
 c - a +0 robe (worn)
 g - a +0 helmet (worn)
Jewellery
 d - a ring of see invisible (left hand)
Potions
 e - a potion of lignification {unknown}

Dungeon Overview and Level Annotations

Branches:
Dungeon (2/15)

Altars:

Annotations:
D:2 Terence


Message History

Terence barely misses you.
You shoot a sling bullet.
The sling bullet completely misses Terence.
The endoplasm hits you.
Terence says, "You're history."
Terence hits you with a +0 short sword.
You shoot a sling bullet. The sling bullet hits Terence.
Terence is moderately wounded.
The endoplasm freezes you.
You are frozen.
Terence hits you but does no damage.
You shoot a sling bullet.
The sling bullet closely misses Terence.
Terence barely misses you. The endoplasm barely misses you.
You shoot a sling bullet. The sling bullet hits Terence.
Terence is moderately wounded.
Terence hits you with a +0 short sword. The endoplasm freezes you.
You are frozen.
The endoplasm barely misses you. Terence closely misses you.
You shoot a sling bullet.
The sling bullet hits Terence but does no damage.
Terence is moderately wounded.
The endoplasm freezes you.
You are frozen.
Terence hits you with a +0 short sword.
You shoot a sling bullet.
The sling bullet hits Terence but does no damage.
Terence is moderately wounded.
The endoplasm hits you. Terence hits you with a +0 short sword.
You shoot a sling bullet. The sling bullet hits Terence.
Terence is heavily wounded.
The endoplasm closely misses you. Terence closely misses you.
You shoot a sling bullet. The sling bullet hits Terence.
Terence is heavily wounded.
Terence misses you.
The endoplasm hits you but does no damage.
You shoot a sling bullet. The sling bullet hits Terence.
Terence is almost dead.
Terence barely misses you. The endoplasm freezes you.
You are frozen.
The endoplasm hits you.
You die...

.(. #. .. .#.##.## #.
...#... .###..
#....##..##.#
...%......###
####..........### #
#..<..## ......#.#
#...###..####......?.
### ##..@##)....#
###J@......#
###.w.......#
#######.....###.###
.........#### ..#
.#####.### ... #..
###@ #.# w ..


You could see Terence, a dart slug and an endoplasm.

Vanquished Creatures
  Jessica (D:2)
  An adder (D:2)
  A dart slug (D:1)
  5 endoplasms (D:1)
  A giant cockroach (D:1)
  3 goblins (D:1)
  6 hobgoblins
  5 ball pythons (D:1)
  A bat (D:1)
  A frilled lizard (D:1)
  A kobold (D:1)
  6 rats
32 creatures vanquished.

Notes
Turn   | Place    | Note
-------+----------+-------------------------------------------
     0 | D:1      | qw the Gargoyle Hexslinger began the quest for the Orb.
     0 | D:1      | Reached XP level 1. HP: 12/12 MP: 2/2
     0 | D:1      | 0 ||| qw: Version: 0.3-a-46-gb1f654a
     0 | D:1      | 0 ||| qw: Game counter: 2612
     0 | D:1      | 0 ||| qw: Melee chars always use a shield: true
     0 | D:1      | 0 ||| qw: God list: Okawaru
     0 | D:1      | 0 ||| qw: Allow faded altars: false
     0 | D:1      | 0 ||| qw: Do Orc after clearing Dungeon:15 true
     0 | D:1      | 0 ||| qw: Do second Lair branch before Depths: true
     0 | D:1      | 0 ||| qw: Lair rune preference: random
     0 | D:1      | 0 ||| qw: Goals: Normal
     0 | D:1      | 0 ||| PLANNING D:1-11
    74 | D:1      | Reached XP level 2. HP: 16/16 MP: 3/3
   167 | D:1      | Reached skill level 3 in Ranged Weapons
   200 | D:1      | 200 ||| FLEEEEING.
   202 | D:1      | Reached XP level 3. HP: 19/21 MP: 4/4
   643 | D:1      | 643 ||| UPGRADING to +0 helmet.
   648 | D:1      | 648 ||| UPGRADING to ring of see invisible.
   649 | D:1      | 649 ||| READING scroll labelled XOCATS XOFROE.
   650 | D:1      | 650 ||| READING scroll labelled EMPA VOAQI.
   651 | D:1      | 651 ||| READING scroll labelled OQEZUN YBEU.
   661 | D:1      | 661 ||| DROPPING scroll of poison.
   708 | D:2      | Noticed Jessica
   713 | D:2      | Killed Jessica
   714 | D:2      | Reached skill level 4 in Ranged Weapons
   714 | D:2      | Reached XP level 4. HP: 26/26 MP: 5/5
   726 | D:2      | Noticed Terence
   727 | D:2      | 727 ||| FLEEEEING.
   746 | D:2      | HP: 6/26 [Terence/+0 short sword (2)]
   750 | D:2      | HP: 1/26 [frozen (5)]
   750 | D:2      | Slain by an endoplasm

Levels and vault maps discovered:
D:1:      scummos_arrival_star, layout_loops_ring, minmay_cut_off
D:2:      layout_rooms, basic_altar, uniq_jessica, uniq_terence

Skill      XL: |  1  2  3 |
---------------+----------+-----
Ranged Weapons | 3 4 |  4.0
Fighting       | 2 |  2.0
Dodging        | |  1.5
Spellcasting   | |  1.0
Hexes          | |  2.6

Action                     |  1- 3 |  4- 6 || total
---------------------------+-------+-------++-------
   Fire: Sling             |    84 |    25 ||   109
    Use: Scroll            |     3 |       ||     3
 Armour: Robe              |     5 |     4 ||     9
  Dodge: Dodged            |    15 |    16 ||    31

Table legend:
 A = Non-vault XP
 B = Vault XP
 C = Vault XP percentage of total XP
 D = Non-vault monster count
 E = Vault monster count
 F = Vault count percentage of total count
                 A         B        C        D         E       F
            +---------+---------+-------+---------+---------+-------
      Total |      61 |      40 |  39.6 |      28 |       4 |  12.5
            +---------+---------+-------+---------+---------+-------
        D:1 |      45 |       3 |   6.2 |      25 |       3 |  10.7
        D:2 |      16 |      37 |  69.8 |       3 |       1 |  25.0
            +---------+---------+-------+---------+---------+-------
